 Dungeon Crawl Stone Soup version 0.16.1-51-g6203257 (webtiles) character file.

1304 kae the Cleaver (level 8, -2/64 HPs)
             Began as a Hill Orc Fighter on July 11, 2015.
             Slain by an orc warrior
             ... wielding a +0 glaive
              (25 damage)
             ... on level 6 of the Dungeon.
             The game lasted 00:06:38 (5865 turns).

kae the Cleaver (Hill Orc Fighter)                  Turns: 5865, Time: 00:06:39

Health: -2/64      AC: 10    Str: 24    XL:     8   Next: 57%
Magic:  8/8        EV:  7    Int:  8    God:
Gold:   114        SH:  9    Dex: 10    Spells: 0 memorised, 7 levels left

rFire  . . .     SeeInvis .     a - +0 war axe
rCold  . . .     Clarity  .     b - +0 scale mail
rNeg   . . .     SustAb   .     c - +0 shield
rPois  .         Gourm    .     (no helmet)
rElec  .         Spirit   .     r - +0 cloak
rCorr  .         Warding  .     H - +1 pair of gloves {Str+3}
rMut   .         Stasis   .     n - -1 pair of boots (curse)
MR     .....                    (no amulet)
Stlth  ..........               (no ring)
                                (no ring)

@: not resistant to hostile enchantments, extremely unstealthy
A: no striking features
a: no special abilities


You were on level 6 of the Dungeon.
You were not hungry.

You visited 1 branch of the dungeon, and saw 7 of its levels.

You collected 329 gold pieces.
You spent 215 gold pieces at shops.

Inventory:

Hand weapons
 a - a +0 war axe (weapon)
Armour
 b - a +0 scale mail (worn)
 c - a +0 shield (worn)
 n - a cursed -1 pair of boots (worn)
 r - a +0 cloak (worn)
 G - the cursed -4 robe of Circular Logic {MR- Slay+4}
   (You bought it in a shop on level 6 of the Dungeon)

   It affects your accuracy and damage with ranged weapons and melee attacks
   (+4).
   It affects your resistance to hostile enchantments.
   It has a curse placed upon it.
 H - a +1 pair of gloves of strength (worn)
Jewellery
 J - an uncursed ring of see invisible {unknown}
 K - an uncursed ring of poison resistance {unknown}
Magical devices
 C - a wand of fireball (3)
Scrolls
 e - 3 scrolls of immolation {unknown}
 f - 4 scrolls of enchant armour {unknown}
 g - 2 scrolls of fear {unknown}
 i - 5 scrolls of identify {unknown}
 l - a scroll of recharging {unknown}
 s - 5 scrolls of remove curse {unknown}
 t - 2 scrolls of enchant weapon {unknown}
 u - 2 scrolls of magic mapping {unknown}
 v - a scroll of blinking {unknown}
 x - 2 scrolls of teleportation {unknown}
 y - a scroll of amnesia {unknown}
 B - 2 scrolls of fog {unknown}
Potions
 h - a potion of resistance {unknown}
 k - a potion of agility
 o - a potion of brilliance {unknown}
 p - 3 potions of mutation {unknown}
 q - a potion of might
 w - a potion of decay {unknown}
 z - a potion of restore abilities {unknown}
 A - 3 potions of heal wounds {unknown}
 E - 2 potions of berserk rage {unknown}
 I - a potion of haste {unknown}
Books
 m - a Young Poisoner's Handbook

   Spells                             Type                      Level
   a - Sting                          Conjuration/Poison           1
   b - Cure Poison                    Poison                       2
   c - Mephitic Cloud                 Conjuration/Poison/Air       3
   d - Olgreb's Toxic Radiance        Poison                       4
   e - Venom Bolt                     Conjuration/Poison           5
 F - a book of Ice

   Spells                             Type                      Level
   a - Ice Form                       Ice/Transmutation            4
   b - Metabolic Englaciation         Hexes/Ice                    5
   c - Ozocubu's Refrigeration        Ice                          6
   d - Bolt of Cold                   Conjuration/Ice              6
   e - Freezing Cloud                 Conjuration/Ice/Air          6
   f - Simulacrum                     Ice/Necromancy               6
Comestibles
 d - 6 meat rations
 j - 6 bread rations
 D - 2 chunks of flesh


   Skills:
 - Level 3.6 Fighting
 + Level 13.0 Axes
 - Level 3.2 Armour
 - Level 3.2 Shields


You had 7 spell levels left.
You didn't know any spells.

Dungeon Overview and Level Annotations

Branches:
Dungeon (7/15)
 Temple: D:4-7

Altars:
Cheibriados
Gozag
Nemelex Xobeh
Trog
Vehumet
Xom
Yredelemnul
Zin

Shops:
D:4 [   D:6 [


Message History

You hit the orc but do no damage.
Your shield and scale mail prevent you from hitting the orc warrior.
The orc warrior hits you with a glaive!
You completely miss the orc.
You hit the orc warrior but do no damage.
You block the orc's attack. The orc warrior hits you with a glaive.
You slash the orc!
You kill the orc!
Your Axes skill increases to level 13!
You hit the orc warrior.
The orc warrior is lightly wounded.
The orc warrior barely misses you.
Things that are here:
a hand axe; a leather armour; an orc corpse The orc warrior hits you but does no damage.
There is a stone staircase leading down, spattered with blood here.
Your shield and scale mail prevent you from hitting the orc warrior.
The orc warrior is lightly wounded.
The orc warrior hits you with a glaive!!
You die...

.# #..# #.# +#### ##.###.#
....# #..##.# ....# ##.##.#
....#########..#.#
.................##########
.###.............##.......#
.# #............(o........#
.# #............@.........#
# ##
#...........).....###### #
#.................# #
##..(.............# #
############.....# #
########.##### # #......#.#
# #......#.# #
#......#.#### #


You could see an orc warrior.

Vanquished Creatures
  Eustachio (D:5)
  A black bear (D:6)
  A phantom (D:4)
  3 ogres (D:4)
  2 giant frogs (D:6)
  A scorpion (D:5)
  A crimson imp (D:5)
  An orc priest (D:5)
  A jelly (D:5)
  A hound (D:5)
  A centaur skeleton (D:5)
  An orc wizard (D:3)
  An iron imp (D:5)
  5 worker ants
  An iguana (D:4)
  Jessica (D:3)
  Terence (D:2)
  A worker ant zombie (D:6)
  8 adders
  A river rat (D:5)
  4 shadow imps
  A giant mite (D:3)
  A white imp (D:5)
  A worm (D:3)
  An adder zombie (D:6)
  An adder skeleton (D:4)
  5 giant geckos
  9 orcs
  3 ball pythons
  8 bats
  2 bat skeletons
  A bat zombie (D:5)
  2 giant cockroaches
  9 goblins
  7 hobgoblins
  4 jackals (D:2)
  11 kobolds
  5 quokkas
  8 giant newts
  10 rats
  A ballistomycete (D:7)
128 creatures vanquished.

Vanquished Creatures (others)
  A giant spore (D:7)
1 creature vanquished.

Grand Total: 129 creatures vanquished

Notes
Turn   | Place    | Note
--------------------------------------------------------------
     0 | D:1      | kae, the Hill Orc Fighter, began the quest for the Orb.
     0 | D:1      | Reached XP level 1. HP: 19/19 MP: 1/1
   243 | D:1      | Reached XP level 2. HP: 13/26 MP: 2/2
   465 | D:1      | Reached skill level 4 in Axes
   989 | D:2      | Reached XP level 3. HP: 16/31 MP: 3/3
  1109 | D:2      | Found an opulent altar of Gozag.
  1148 | D:2      | Noticed Terence
  1168 | D:2      | Killed Terence
  1168 | D:2      | Reached skill level 5 in Axes
  1461 | D:2      | Found a radiant altar of Vehumet.
  1461 | D:2      | Found a sparkling altar of Nemelex Xobeh.
  1670 | D:2      | Found a glowing silver altar of Zin.
  1724 | D:2      | Reached XP level 4. HP: 33/39 MP: 4/4
  1889 | D:3      | Reached skill level 6 in Axes
  2023 | D:3      | Noticed Jessica
  2030 | D:3      | Killed Jessica
  2030 | D:3      | Reached XP level 5. HP: 40/45 MP: 5/5
  2196 | D:3      | Reached skill level 7 in Axes
  2558 | D:4      | Found Ostra's Antique Armour Emporium.
  2725 | D:4      | Found a basalt altar of Yredelemnul.
  2726 | D:4      | Noticed an ogre
  2741 | D:4      | Reached skill level 8 in Axes
  2741 | D:4      | Reached XP level 6. HP: 3/51 MP: 6/6
  2741 | D:4      | HP: 2/51 [poisoned by a worker ant]
  2742 | D:4      | Killed an ogre
  2861 | D:4      | Reached skill level 9 in Axes
  3165 | D:4      | Reached XP level 7. HP: 38/57 MP: 7/7
  3299 | D:4      | Found a shimmering altar of Xom.
  3300 | D:4      | Found a shimmering altar of Xom.
  3302 | D:4      | Found a shimmering altar of Xom.
  3303 | D:4      | Found a shimmering altar of Xom.
  3303 | D:4      | Found a shimmering altar of Xom.
  3303 | D:4      | Found a shimmering altar of Xom.
  3303 | D:4      | Noticed an ogre
  3304 | D:4      | Found a shimmering altar of Xom.
  3312 | D:4      | Noticed a phantom
  3327 | D:4      | Killed an ogre
  3327 | D:4      | Reached skill level 10 in Axes
  3332 | D:4      | Killed a phantom
  3526 | D:5      | Entered Level 5 of the Dungeon
  3564 | D:5      | Found a bloodstained altar of Trog.
  3749 | D:5      | Noticed Eustachio
  4365 | D:5      | Reached skill level 11 in Axes
  4691 | D:5      | Killed Eustachio
  4691 | D:5      | Reached XP level 8. HP: 24/64 MP: 8/8
  4925 | D:5      | Reached skill level 12 in Axes
  5326 | D:6      | Found Qemit's Armour Boutique.
  5346 | D:6      | Bought the cursed -4 robe of Circular Logic {MR- Slay+4} for 1 gold piece
  5346 | D:6      | Bought a +1 pair of gloves of strength for 214 gold pieces
  5503 | D:6      | Found a snail-covered altar of Cheibriados.
  5862 | D:6      | Reached skill level 13 in Axes
  5865 | D:6      | Slain by an orc warrior

Action                   |  1- 3 |  4- 6 |  7- 9 || total
-------------------------+-------+-------+-------++-------
Melee: War axe           |   138 |   162 |   204 ||   504
  Use: Potion            |       |     3 |     3 ||     6
  Eat: Chunk             |     1 |     6 |     5 ||    12
       Beef jerky        |       |       |     3 ||     3
